 Seeded DCSS version 0.31-a0-791-g6eb203d (webtiles) character file.

Game seed: 4999963293791270535 (custom seed)

24 BarneyGumball the Conjurer (level 3, -19/26 HPs)
             Began as a Ghoul Conjurer on Sept 18, 2023.
             Was a Follower of Dithmenos.
             Engulfed by a cloud of flame (21 damage)
             ... on level 1 of the Dungeon.
             The game lasted 00:03:53 (897 turns).

BarneyGumball the Conjurer (Ghoul Conjurer)          Turns: 897, Time: 00:03:54

Health: -19/26     AC:  2    Str: 12    XL:     3   Next: 2%
Magic:  4/4        EV: 11    Int: 13    God:    Dithmenos [*.....]
Gold:   31         SH:  0    Dex:  7    Spells: 4/5 levels left

rFire   . .          .
                       - Unarmed
rCold   + . .        (no shield)
rNeg    + + +        a - +0 robe
rPois   ∞            (no helmet)
rElec   .            (no cloak)
rCorr   .            (no gloves)
SInv    .            (no boots)
Will    .....        (no amulet)
Stlth   ++           (no ring)
HPRegen 0.24/turn    (no ring)
MPRegen 0.09/turn

%: no passive effects
@: wreathed by umbra
A: claws 1, cold resistance 1, negative energy resistance 3, inhibited
regeneration, torment resistance 2, devour on kill
a: Renounce Religion


You were on level 1 of the Dungeon.
You worshipped Dithmenos.
Dithmenos was aware of your devotion.
You visited 1 branch of the dungeon, and saw 1 of its levels.

You collected 31 gold pieces.

Inventory:

Armour
 a - a +0 robe (worn)
Scrolls
 c - a scroll of immolation {unknown}
 d - 2 scrolls of identify {unknown}
 f - a scroll of teleportation {unknown}
Potions
 b - a potion of magic
 e - a potion of haste {unknown}
 g - a potion of mutation {unknown}


   Skills:
 - Level 1.7 Dodging
 - Level 2.1 Stealth
 + Level 2.8 Unarmed Combat
 - Level 1.7 Spellcasting
 - Level 3.2 Conjurations


You had 4 spell levels left.
You knew the following spells:

 Your Spells              Type           Power      Damage    Failure   Level
a - Magic Dart            Conj           36%        1d4       7%          1

Your spell library contained the following spells:

 Spells                   Type           Power      Damage    Failure   Level
 Searing Ray              Conj           18%        2d5       11%         2
 Dazzling Flash           Conj/Hex       10%        N/A       38%         3
 Fulminant Prism          Conj/Hex       2%         3d5       80%         4
 Iskenderun's Mystic Bla  Conj/Tloc      5%         2d3       80%         4


Dungeon Overview and Level Annotations

Branches:
Dungeon (1/15)

Altars:
Dithmenos


Innate Abilities, Weirdness & Mutations

You are immune to poison.
You have sharp fingernails.
Your flesh is cold resistant. (rC+)
You are immune to negative energy. (rN+++)
You do not regenerate when monsters are visible.
You are immune to unholy pain and torment.
You thrive by killing the living.


Message History

Aim: a kobold, wielding a +0 dagger and quivering stones (100% to hit)
You miscast Magic Dart.
You are very lightly contaminated with residual magic.
Nothing appears to happen.
The kobold throws a stone.
The stone hits you but does no damage.
Casting: Magic Dart (safe; 7% risk of failure)
Confirm with . or Enter, or press ? or * to list all spells.
Aiming: Magic Dart (safe; 7% risk of failure)
Press: ? - help, Shift-Dir - straight line, f/p - kobold
Aim: a kobold, wielding a +0 dagger and quivering stones (100% to hit)
The magic dart hits the kobold.
The kobold is moderately wounded.
The kobold throws a stone.
The stone hits you but does no damage.
Casting: Magic Dart (safe; 7% risk of failure)
Confirm with . or Enter, or press ? or * to list all spells.
Aiming: Magic Dart (safe; 7% risk of failure)
Press: ? - help, Shift-Dir - straight line, f/p - kobold
Aim: a kobold, wielding a +0 dagger and quivering stones (moderately wounded, 100% to hit)
The magic dart hits the kobold.
You kill the kobold!
Dithmenos accepts your kill.
Your magical contamination has completely faded away.
Things that are here:
a +0 dagger; 2 stones Search for what [? for help]? leath Can't find anything matching that.
Things that are here:
a +0 dagger; 2 stones
Found a stone staircase leading down.
You now have 31 gold pieces (gained 11).
You see here a +0 dagger.
You see here a bat skeleton.
Partly explored, can't reach some items and places.
You are engulfed in blazing flames.
You are engulfed in blazing flames.
Ouch! That really hurt!
* * * LOW HITPOINT WARNING * * *
You are engulfed in blazing flames.
Ouch! That really hurt!
You die...

####### ####.....# #
#######.##.....# ☼§#
........##.....#####...#####
....##..##......@§§.....§☼○.##
.....#.###......§§☼..$...○§..#
.....#.# #####..○§☼!$.$...§..#
.....#.# ####.#####...#####.#
....##.# #....# .§§# #)#
.....#.# #....# §§§# #.#
.......# ##....# §○§# #.#
......## #.....#####...# #.#
....#.# #_.........########.#


There were no monsters in sight!

Vanquished Creatures
  A dart slug (D:1)
  2 ball pythons (D:1)
  An endoplasm (D:1)
  2 goblins (D:1)
  A hobgoblin (D:1)
  2 jackals (D:1)
  4 kobolds (D:1)
  2 bats (D:1)
  3 frilled lizards (D:1)
  4 rats (D:1)
22 creatures vanquished.

Vanquished Creatures (others)
  2 bats (D:1)
2 creatures vanquished.

Grand Total: 24 creatures vanquished

Notes
Turn   | Place    | Note
-------+----------+-------------------------------------------
     0 | D:1      | BarneyGumball the Ghoul Conjurer began the quest for the
                  | Orb.
     0 | D:1      | Reached XP level 1. HP: 14/14 MP: 2/2
   103 | D:1      | Reached skill level 1 in Unarmed Combat
   225 | D:1      | Reached XP level 2. HP: 20/20 MP: 1/3
   604 | D:1      | Found a faded altar of an unknown god.
   670 | D:1      | Prayed at the altar of an unknown god.
   670 | D:1      | Became a worshipper of Dithmenos the Shadowed
   670 | D:1      | Reached * piety under Dithmenos
   715 | D:1      | Reached XP level 3. HP: 26/26 MP: 1/4
   897 | D:1      | Engulfed by a cloud of flame

Illustrated notes

Levels and vault maps discovered:
D:1:      amcnicky_arrival_choice, layout_rooms, basic_ecumenical_altar,
          minmay_misc_feat_four_crosses, lemuel_flame_loot_1

Skill      XL: |  1  2 |
---------------+-------+-----
Unarmed Combat | 1 2 |  2.8
Dodging        | |  1.7
Stealth        | |  2.1
Spellcasting   | |  1.7
Conjurations   | |  3.2

Action                     || total
---------------------------++-------
  Melee: Unarmed           ||    30
         Punch             ||     1
   Cast: Magic Dart        ||    35
 Armour: Robe              ||    23
  Dodge: Dodged            ||    20

Table legend: (Time is in decaauts)
 A = Elapsed time spent in this place.
 B = Non-inter-level travel time spent in this place.
 C = Inter-level travel time spent in this place.
 D = Time resting spent in this place.
 E = Time spent auto-exploring this place.
 F = Levels seen in this place.
 G = Mean time per level.
                   A        B        C        D        E       F      G
               +--------+--------+--------+--------+--------+-----+--------+
         Total |    896 |    896 |      0 |    109 |    573 |   1 |  896.0 |
       Dungeon |    896 |    896 |      0 |    109 |    573 |   1 |  896.0 |
               +--------+--------+--------+--------+--------+-----+--------+

Top non-repeatable levels by time:
     D:1: 896 daAuts
